 Dungeon Crawl Stone Soup version 0.27.1-1-g398f81649c (webtiles) character file.

Game seed: 16983028250108888512

2382 MajorAdolf the Digger (level 9, -1/76 HPs)
             Began as a Naga Wanderer on Sept 6, 2021.
             Was a Follower of Ashenzari.
             Slain by Erica (3 damage)
             ... on level 8 of the Dungeon.
             The game lasted 00:22:16 (12349 turns).

MajorAdolf the Digger (Naga Wanderer)              Turns: 12349, Time: 00:22:16

Health: -1/76      AC:  7    Str: 16    XL:     9   Next: 45%
Magic:  10/10      EV:  9    Int: 17    God:    Ashenzari [*.....]
Gold:   451        SH:  0    Dex: 14    Spells: 5/10 levels left

rFire    . . .     SeeInvis +   n - +2 spear (freeze)
rCold    + . .     Faith    .   (no shield)
rNeg     . . .     Spirit   .   z - +1 robe of Hiudo {rC+ Int+3 Dex+3}
rPois    +         Reflect  .   w - +0 helmet of Ashenzari's Irritation {Fort, Bglg} (curse)
rElec    .         Harm     .   j - +0 cloak of the Tethered Elitism {Bglg, Cun} (curse)
rCorr    +         Rampage  .   (no gloves)
Will     +....                  (no barding)
Stlth    +++.......             p - amulet of the acrobat
HPRegen  0.22/turn              l - ring of flight
MPRegen  0.12/turn              o - ring of resist corrosion

@: short of breath, flying, hasted, quick
A: AC +3, large, see invisible, deformed body, poison resistance, slowness 2,
spit poison 1, naga tail 1
a: Spit Poison, Renounce Religion, Curse Item, Shatter the Chains


You were on level 8 of the Dungeon.
You worshipped Ashenzari.
Ashenzari was aware of your devotion.
You visited 2 branches of the dungeon, and saw 9 of its levels.

You collected 451 gold pieces.

Inventory:

Hand Weapons
 a - a +2 hand crossbow
 c - a +1 dagger of venom
 e - a +0 hunting sling
 n - a +2 spear of freezing (weapon)
Missiles
 b - 42 bolts
 g - 6 boomerangs (quivered)
 h - 270 stones
 i - 41 sling bullets
 q - 60 poisoned darts
 B - a throwing net
Armour
 j - the cursed +0 cloak of the Tethered Elitism (worn) {Bglg, Cun}
   (You found it on level 1 of the Dungeon)

   It has a curse which improves the following skills: Beguiling: Conjurations,
   Hexes and Translocations.
   Cunning:   Dodging and Stealth.
 w - the cursed +0 helmet of Ashenzari's Irritation (worn) {Fort, Bglg}
   (You took it off Robin on level 3 of the Dungeon)

   It has a curse which improves the following skills: Fortitude: Armour and
   Shields.
   Beguiling: Conjurations, Hexes and Translocations.
 z - the +1 robe of Hiudo (worn) {rC+ Int+3 Dex+3}
   (You found it on level 5 of the Dungeon)

   Int:       It affects your intelligence (+3).
   Dex:       It affects your dexterity (+3).
   rC:        It protects you from cold.
 C - a +3 scale mail
Magical Staves
 m - a staff of fire
Jewellery
 l - a ring of flight (left hand)
 o - a ring of resist corrosion (right hand)
 p - an amulet of the acrobat (around neck)
Wands
 E - a wand of flame (13)
Scrolls
 k - 2 scrolls of blinking
 r - a scroll of teleportation
 t - a scroll of enchant armour
 u - 4 scrolls of fog
 v - a scroll of holy word
 x - a scroll of vulnerability
 D - a scroll of amnesia
Potions
 s - 3 potions of mutation
 F - a potion of haste


   Skills:
 - Level 3.3 Fighting
 - Level 3.0 Crossbows
 - Level 2.4(3.2) Armour
 - Level 5.9(6.9) Stealth
 - Level 1.0 Spellcasting
 + Level 6.1(7.8) Conjurations
 - Level 1.0 Summonings
 + Level 6.2 Fire Magic
 + Level 6.3 Earth Magic


You had 5 spell levels left.
You knew the following spells:

 Your Spells              Type           Power      Damage    Failure   Level
a - Bolt of Magma         Conj/Fire/Erth 11%        4d7       36%         5

Your spell library contained the following spells:

 Spells                   Type           Power      Damage    Failure   Level
 Passwall                 Tmut/Erth      9%         N/A       9%          2
 Mephitic Cloud           Conj/Pois/Air  9%         N/A       22%         3
 Ignite Poison            Fire/Tmut/Pois 7%         N/A       28%         3
 Corpse Rot               Necr/Air       N/A        N/A       32%         2
 Poisonous Vapours        Pois/Air       0%         N/A       32%         2
 Wereblood                Tmut           0%         N/A       32%         2
 Petrify                  Tmut/Erth      11%        N/A       52%         4
 Freezing Cloud           Conj/Ice/Air   4%         6-21      90%         5
 Metabolic Englaciation   Hex/Ice        0%         N/A       99%         5
 Statue Form              Tmut/Erth      7%         N/A       100%        6


Dungeon Overview and Level Annotations

Branches:
Dungeon (8/15)             Temple (1/1) D:5
   Lair: D:8-11

Altars:
Ashenzari
Cheibriados
Elyvilon
Fedhas
Gozag
Hepliaklqana
Kikubaaqudgha
Makhleb
Nemelex Xobeh
Okawaru
Qazlal
Ru
Sif Muna
Vehumet
Wu Jian
Xom
Yredelemnul
Zin
The Shining One

Shops:
D:2 =

Annotations:
D:4 Purgy
D:6 exclusion: phantom
D:8 Erica, Harold


Innate Abilities, Weirdness & Mutations

Your serpentine skin is tough. (AC +3)
You have supernaturally acute eyesight. (SInv)
Armour fits poorly on your strangely shaped body.
Your system is resistant to poisons. (rPois)
You cover ground very slowly.
You can spit poison.
You have a snake-like lower body.


Message History

You feel less confused.
Erica zaps a wand.
You suddenly lose the ability to move!
Erica screams, "You'll never get it!"
Erica hits you with a +0 scimitar of flaming.
Erica burns you. Erica gestures at you while chanting.
You resist with some effort.
Erica hits you with a +0 scimitar of flaming!
Erica burns you.
You can move again.
Press: ? - help, Shift-Dir - straight line, f/p - Erica
Aim: Erica, wielding a +0 scimitar of flaming, wearing a +0 robe and carrying a wand of paralysis (7) (slightly transparent)
Okay, then.
Press: ? - help, Shift-Dir - straight line, f/p - Erica
Aim: Erica, wielding a +0 scimitar of flaming, wearing a +0 robe and carrying a wand of paralysis (7) (slightly transparent)
The splash of poison hits Erica.
Erica is poisoned.
Erica is lightly wounded.
Erica points at you and mumbles some strange words.
The bolt of poison hits you! You resist.
Erica hits you with a +0 scimitar of flaming!
Erica burns you.
You feel much better.
Erica hits you with a +0 scimitar of flaming!
Erica burns you!
* * * LOW HITPOINT WARNING * * *
Unknown command.
You feel yourself speed up.
You feel yourself speed up.
Erica hits you with a +0 scimitar of flaming!
* * * LOW HITPOINT WARNING * * *
Erica burns you.
* * * LOW HITPOINT WARNING * * *
Erica barely misses you.
You hit Erica. You freeze Erica.
Erica is moderately wounded.
Erica looks more healthy.
You hit Erica. You freeze Erica.
Erica is moderately wounded.
Erica hits you with a +0 scimitar of flaming.
You die...

##.## #.... #..# ...
##.## # #..# ##.##
####### #.##
#####.<...#### ##.#
##............###@.#
................@..#
##............#.##.#
####.......########
#########


You could see Erica (invisible).

Vanquished Creatures
  Sigmund (D:3)
  Eustachio (D:6)
  A steam dragon (D:7)
  A water moccasin (D:7)
  A black bear (D:5)
  An ogre (D:6)
  2 centaurs
  A necrophage (D:5)
  2 phantoms
  A kobold brigand (D:6)
  3 scorpions
  2 bullfrogs
  A wyvern skeleton (D:7)
  5 killer bees
  An orc priest (D:3)
  4 hounds
  A centaur skeleton (D:6)
  A jelly (D:5)
  4 orc wizards
  Robin (D:3)
  12 gnolls
  6 adders
  An ufetubus (D:6)
  A worm (D:2)
  A dart slug (D:5)
  18 orcs
  3 bats
  6 endoplasms
  4 giant cockroaches
  21 goblins
  10 hobgoblins
  8 jackals
  11 kobolds
  A quokka (D:4)
  6 ball pythons
  5 frilled lizards
  3 rats
152 creatures vanquished.

Vanquished Creatures (others)
  An orc (D:7)
1 creature vanquished.

Grand Total: 153 creatures vanquished

Notes
Turn   | Place    | Note
-------+----------+-------------------------------------------
     0 | D:1      | MajorAdolf the Naga Wanderer began the quest for the Orb.
     0 | D:1      | MajorAdolf set off with the following items: a +2 hand
                  | crossbow, 32 bolts, a +0 mace, a +0 robe, a +0 dagger; and
                  | the following spells available to memorise: Passwall,
                  | Wereblood
     0 | D:1      | Reached XP level 1. HP: 18/18 MP: 2/2
    27 | D:1      | Reached XP level 2. HP: 22/25 MP: 3/3
   697 | D:1      | Reached XP level 3. HP: 11/32 MP: 4/4
  1165 | D:2      | Found Atogocab's Jewellery Boutique.
  1745 | D:2      | Reached XP level 4. HP: 39/39 MP: 5/5
  2041 | D:3      | Noticed Sigmund
  2058 | D:3      | Killed Sigmund
  2059 | D:3      | Reached skill level 5 in Stealth
  2059 | D:3      | Reached XP level 5. HP: 27/49 MP: 6/6
  2221 | D:3      | Reached XP level 6. HP: 56/56 MP: 7/7
  2513 | D:3      | Found a glowing silver altar of Zin.
  2518 | D:3      | Found a broken altar of Ashenzari.
  2653 | D:3      | Found a basalt altar of Yredelemnul.
  2773 | D:3      | Found a faded altar of an unknown god.
  3038 | D:3      | Noticed Robin
  3103 | D:3      | Reached skill level 1 in Fire Magic
  3109 | D:3      | Killed Robin
  3298 | D:3      | Reached skill level 1 in Conjurations
  3539 | D:4      | Learned a level 5 spell: Bolt of Magma
  3988 | D:4      | Reached XP level 7. HP: 46/62 MP: 8/8
  5198 | D:4      | Found an opulent altar of Gozag.
  5343 | D:4      | Noticed Purgy
  5563 | D:5      | Entered Level 5 of the Dungeon
  5597 | D:5      | Found a staircase to the Ecumenical Temple.
  5609 | Temple   | Entered the Ecumenical Temple
  6015 | D:3      | Became a worshipper of Ashenzari the Shackled
  6450 | D:5      | Found a shimmering altar of Xom.
  6456 | D:5      | Reached XP level 8. HP: 20/69 MP: 9/9
  7178 | D:5      | Identified the +1 robe of Hiudo {rC+ Int+3 Dex+3}
  7467 | D:6      | Noticed Eustachio
  7848 | D:6      | Killed Eustachio
  8043 | D:6      | Found a white marble altar of Elyvilon.
  8201 | D:6      | Reached skill level 5 in Earth Magic
  8266 | D:6      | Reached skill level 5 in Fire Magic
  8293 | D:6      | Reached skill level 5 in Conjurations
  9261 | D:6      | Found a burning altar of Makhleb.
  9393 | D:6      | Reached XP level 9. HP: 65/76 MP: 10/10
  9592 | D:6      | Reached * piety under Ashenzari
 10613 | D:7      | Identified the cursed +0 cloak of the Tethered Elitism
                  | {Bglg, Cun} (You found it on level 1 of the Dungeon)
 10613 | D:7      | Identified the cursed +0 helmet of Ashenzari's Irritation
                  | {Fort, Bglg} (You took it off Robin on level 3 of the
                  | Dungeon)
 10770 | D:8      | Noticed Harold
 12326 | D:8      | Noticed Erica
 12340 | D:8      | Paralysed by Erica for 6 turns
 12347 | D:8      | HP: 2/76 [Erica (6)]
 12349 | D:8      | Slain by Erica

Illustrated notes

Levels and vault maps discovered:
D:1:      scummos_arrival_star, layout_rooms, serial_curves, eino_curves_02,
          eino_curves_01
D:2:      layout_loops_ring, serial_shops, nicolae_shop_stone,
          corexii_hall_statues_x, minmay_misc_feat_hallway,
          minmay_split_cup_large
D:3:      kennysheep_goblin_castle, layout_rooms, lemuel_doored_altar,
          mainiacjoe_overflow_six_doors_small, mainiacjoe_overflow_tiny_flanked,
          ebering_ecumenical_altar_ruins, minmay_checkerbox, uniq_sigmund
D:4:      layout_loops_cross, nicolae_gozag_seed_capital, roderic_lattice_a,
          chequers_serial_rivers_room_b, uniq_robin, uniq_purgy
D:5:      layout_loops_ring, xom_butterflies, minmay_temple_entry_slanted
D:6:      layout_layer_cave, mainiacjoe_overflow_large_starburst,
          item_on_display_a, uniq_eustachio
D:7:      layout_cave_pools
D:8:      layout_cave_pods, kennysheep_mini, mumra_transporter_accident,
          hellmonk_guarded_unrand_frostbite, uniq_pikel, uniq_erica, uniq_harold
Temple:   minmay_temple_forest_path

Skill      XL: |  1  2  3  4  5  6  7  8  9 |
---------------+----------------------------+-----
Stealth        | 4 5 |  5.9
Fighting       | 2 3 |  3.3
Crossbows      | 2 3 |  3.0
Fire Magic     | 2 3 5 6 |  6.2
Conjurations   | 2 3 5 6 |  6.1
Earth Magic    | 2 3 5 6 |  6.3
Armour         | |  2.4
Spellcasting   | |  1.0
Summonings     | |  1.0

Action                   |  1- 3 |  4- 6 |  7- 9 || total
-------------------------+-------+-------+-------++-------
Melee: Dagger            |    11 |       |    11 ||    22
       Spear             |    24 |   152 |   286 ||   462
 Fire: Hand crossbow     |    10 |     5 |    36 ||    51
Throw: Boomerang         |    23 |    30 |    32 ||    85
 Cast: Bolt of Magma     |       |       |     3 ||     3
Invok: Curse Item        |       |       |     2 ||     2
 Abil: Spit Poison       |    10 |    15 |    41 ||    66
Evoke: Wand              |       |       |     1 ||     1
  Use: Scroll            |       |       |     4 ||     4
       Potion            |       |       |     7 ||     7
 Stab: Sleeping          |     4 |     2 |     2 ||     8
Armor: Robe              |     5 |    39 |   163 ||   207
       Skin              |       |       |    27 ||    27
Dodge: Dodged            |    24 |    73 |   320 ||   417
